 Dungeon Crawl Stone Soup version 0.29-a0-643-ga013cefcf8 (webtiles) character file.

Game seed: 10457500380067470629

321 DocClef the Skirmisher (level 6, -2/44 HPs)
             Began as a Tengu Fighter on June 19, 2022.
             Was an Initiate of Hepliaklqana.
             Slain by Menkaure (16 damage)
             ... on level 5 of the Dungeon.
             The game lasted 00:03:38 (3701 turns).

DocClef the Skirmisher (Tengu Fighter)              Turns: 3701, Time: 00:03:39

Health: -2/44      AC:  6    Str: 17    XL:     6   Next: 46%
Magic:  7/7        EV: 10    Int:  8    God:    Hepliaklqana [......]
Gold:   290        SH:  5    Dex: 15    Spells: 5/5 levels left

rFire   + . .      SeeInvis .   e - +2 dagger (venom)
rCold   . . .      Faith    .   c - +0 buckler
rNeg    . . .      Spirit   .   b - +0 scale mail
rPois   .          Reflect  .   (helmet restricted)
rElec   .          Harm     .   (no cloak)
rCorr   .          Rampage  .   (no gloves)
Will    .....                   (boots unavailable)
Stlth   ..........              (no amulet)
HPRegen 0.14/turn               u - ring of protection from fire
MPRegen 0.10/turn               (no ring)

@: flying quickly and evasively, quick
A: beak, talons 3, nimble flight
a: Renounce Religion


You were on level 5 of the Dungeon.
You worshipped Hepliaklqana.
Hepliaklqana was noncommittal.
You visited 1 branch of the dungeon, and saw 5 of its levels.

You collected 290 gold pieces.

Inventory:

Hand Weapons
 a - a +0 long sword
 e - a +2 dagger of venom (weapon)
Armour
 b - a +0 scale mail (worn)
 c - a +0 buckler (worn)
Jewellery
 u - a ring of protection from fire (left hand)
Wands
 r - a wand of paralysis (11)
 s - a wand of light (7)
Scrolls
 l - a scroll of vulnerability
 m - a scroll of summoning
Potions
 d - 6 potions of might
 j - a potion of lignification
 k - a potion of ambrosia
 n - 4 potions of heal wounds
 q - a potion of haste
 v - a potion of resistance {unknown}
 w - a potion of cancellation {unknown}


   Skills:
 + Level 7.1 Fighting
 - Level 2.1 Long Blades
 - Level 3.2 Armour
 - Level 3.0 Shields


You had 5 spell levels left.
You didn't know any spells.
Your spell library contained the following spells:

 Spells                   Type           Power      Damage    Failure   Level
 Dazzling Flash           Conj/Hex       0%         N/A       99%         3
 Agony                    Necr           0%         N/A       100%        5
 Silence                  Hex/Air        0%         N/A       100%        5


Dungeon Overview and Level Annotations

Branches:
Dungeon (5/15)             Temple (0/1) D:4

Altars:
Hepliaklqana
Makhleb
Vehumet

Shops:
D:1 !

Annotations:
D:5 Menkaure


Innate Abilities, Weirdness & Mutations

You have a beak for a mouth.
You have claws for feet.
Your magical nature lets you fly swiftly and evasively.


Message History

You barely miss the howler monkey. Your kick misses the howler monkey.
The howler monkey hits you.
You hit the howler monkey.
The howler monkey is poisoned.
Your kick misses the howler monkey.
The howler monkey is lightly wounded.
The howler monkey hits you but does no damage.
You hit the howler monkey.
The howler monkey looks even sicker.
You claw the howler monkey.
The howler monkey is heavily wounded.
The howler monkey hits you.
You hit the howler monkey but do no damage.
You claw the howler monkey.
The howler monkey is almost dead.
The howler monkey hoots and howls with incredible vigour!
You hit the howler monkey.
You kill the howler monkey!
Your Fighting skill increases to level 7!
No target in view!
Found a leather armour.
You see here a +0 leather armour.
Found a runed flail.
Found a robe.
Menkaure, Prince of Dust comes into view.
Menkaure is nearby!
Menkaure is nearby!
Menkaure shouts!
Menkaure casts a spell at you.
You barely resist. You barely miss Menkaure.
You claw Menkaure, but do no damage. You completely miss Menkaure.
You claw Menkaure!
Menkaure is moderately damaged.
Menkaure hits you!
You barely miss Menkaure. You claw Menkaure.
You peck Menkaure, but do no damage.
Menkaure is moderately damaged.
Menkaure hits you!
You hit Menkaure but do no damage. You claw Menkaure.
Menkaure is severely damaged.
Menkaure hits you!
You die...

##.#..#..........
..#
##.#.############...
#.#[.# ≈..≈ ##.#
#.#..# .≈ #.# #.#.##
## # >.# #.#.# .#
### #.#.# .#
#.#.###M##
#.....@..#
#.........)...
##..#########. #..#
#..# #..# #..# #[.#


You could see Menkaure.

Vanquished Creatures
  A black bear (D:4)
  A howler monkey (D:5)
  A hound (D:4)
  3 gnolls (D:4)
  6 adders
  An ufetubus (D:5)
  A worm (D:2)
  2 dart slugs
  7 orcs
  3 endoplasms
  2 giant cockroaches
  8 goblins
  10 hobgoblins
  2 quokkas
  3 ball pythons
  5 bats
  2 frilled lizards
  5 kobolds
  6 rats
69 creatures vanquished.

Vanquished Creatures (others)
  2 demonic plants (D:3)
  3 fungi (D:5)
5 creatures vanquished.

Grand Total: 74 creatures vanquished

Notes
Turn   | Place    | Note
-------+----------+-------------------------------------------
     0 | D:1      | DocClef the Tengu Fighter began the quest for the Orb.
     0 | D:1      | Reached XP level 1. HP: 14/14 MP: 2/2
   186 | D:1      | Found Fiqikk Ludi's Distillery.
   380 | D:1      | Reached XP level 2. HP: 17/19 MP: 3/3
   794 | D:2      | Reached skill level 4 in Fighting
   889 | D:2      | Reached XP level 3. HP: 20/24 MP: 4/4
  1274 | D:2      | Reached XP level 4. HP: 30/30 MP: 5/5
  1914 | D:3      | Reached skill level 5 in Fighting
  2328 | D:3      | Found a faded altar of an unknown god.
  2672 | D:3      | Found a hazy altar of Hepliaklqana.
  2672 | D:3      | Found a burning altar of Makhleb.
  2957 | D:3      | Became a worshipper of Hepliaklqana the Forgotten
  2971 | D:4      | Gained mutation: Your magical nature lets you fly swiftly
                  | and evasively. [Tengu growth]
  2971 | D:4      | Reached XP level 5. HP: 34/36 MP: 6/6
  3000 | D:4      | Found a staircase to the Ecumenical Temple.
  3008 | D:4      | Noticed a black bear
  3020 | D:4      | Killed a black bear
  3021 | D:4      | Reached skill level 6 in Fighting
  3021 | D:4      | Reached XP level 6. HP: 22/42 MP: 7/7
  3333 | D:4      | Found a radiant altar of Vehumet.
  3558 | D:5      | Entered Level 5 of the Dungeon
  3644 | D:5      | Reached skill level 7 in Fighting
  3696 | D:5      | Noticed Menkaure
  3701 | D:5      | Slain by Menkaure

Illustrated notes

Levels and vault maps discovered:
D:1:      minmay_arrival_semitransparent, layout_basic, serial_shops, shop,
          minmay_tripent
D:2:      layout_loops_corners, minmay_misc_feat_diagonals
D:3:      layout_basic, nicolae_overflow_hidden_temple,
          dreamdust_ecumenical_altar_sealed_demon, grunt_decor_mini_mirrors,
          chequers_serial_rivers_marsh, kennysheep_cross_room
D:4:      layout_cave_pools, mainiacjoe_overflow_boulevard,
          minmay_temple_entry_sparse_star
D:5:      layout_loops_ring, serial_aquarium, aquarium_bridge_square
          [aquarium_subvault_window, aquarium_subvault_bridge,
          aquarium_subvault_bridge, aquarium_subvault_bridge],
          aquarium_window_2, aquarium_window_corner, aquarium_window_1,
          aquarium_view_2b, nicolae_figureground_sparkle, uniq_menkaure

Skill      XL: |  1  2  3  4  5  6 |
---------------+-------------------+-----
Fighting       | 4 5 6 7 |  7.1
Long Blades    | |  2.1
Armour         | |  3.2
Shields        | |  3.0

Action                   |  1- 3 |  4- 6 || total
-------------------------+-------+-------++-------
Melee: Long sword        |     7 |       ||     7
       Dagger            |    62 |    95 ||   157
       Kick              |    12 |    36 ||    48
       Peck              |    11 |    21 ||    32
  Use: Scroll            |       |    14 ||    14
Armor: Scale mail        |    28 |    37 ||    65
Dodge: Dodged            |    25 |    32 ||    57
Block: Buckler           |    12 |    19 ||    31

Table legend: (Time is in decaauts)
 A = Elapsed time spent in this place.
 B = Non-inter-level travel time spent in this place.
 C = Inter-level travel time spent in this place.
 D = Time resting spent in this place.
 E = Time spent auto-exploring this place.
 F = Levels seen in this place.
 G = Mean time per level.
                   A        B        C        D        E       F      G
               +--------+--------+--------+--------+--------+-----+--------+
         Total |   3658 |   3571 |     87 |    301 |   2785 |   5 |  731.6 |
       Dungeon |   3658 |   3571 |     87 |    301 |   2785 |   5 |  731.6 |
               +--------+--------+--------+--------+--------+-----+--------+

Top non-repeatable levels by time:
     D:3: 1142 daAuts
     D:2: 1114 daAuts
     D:1: 643 daAuts
     D:4: 624 daAuts
     D:5: 133 daAuts
